 Dungeon Crawl Stone Soup version 0.30-a0-385-gfebfb9b408 (webtiles) character file.

Game seed: 4160898255286893064

29 NogeeEf the Magician (level 3, -5/27 HPs)
             Began as a Djinni Necromancer on Dec 2, 2022.
             Killed by nerve-wracking pain
             ... invoked by a shadow imp
             ... summoned by Natasha
              (11 damage)
             ... on level 2 of the Dungeon.
             The game lasted 00:04:16 (1130 turns).

NogeeEf the Magician (Djinni Necromancer)           Turns: 1130, Time: 00:04:17

Health: -5/27      AC:  3    Str:  9    XL:     3   Next: 32%
Gold:   74         EV: 11    Int: 16    God:
                   SH:  0    Dex: 13

rFire   + + .      SeeInvis .    o - +3 hand axe (vorpal)
rCold   x . .      Faith    .    (no shield)
rNeg    . . .      Spirit   .    b - +0 leather armour
rPois   ∞          Reflect  .    (no helmet)
rElec   .          Harm     .    (no cloak)
rCorr   .          Rampage  .    (no gloves)
Will    .....                    (boots unavailable)
Stlth   ++........               (no amulet)
HPRegen 0.24/turn                (no ring)
MPRegen 0.00/turn                (no ring)

@: flying
A: sickness immunity, fire resistance 2, cold vulnerability 1, float, innate
caster, HP casting, extra vitality 1
a: no special abilities


You were on level 2 of the Dungeon.
You visited 1 branch of the dungeon, and saw 2 of its levels.

You collected 74 gold pieces.

Inventory:

Hand Weapons
 c - a +2 whip of flaming
 o - a +3 vorpal hand axe (weapon)
Armour
 a - a +0 robe
 b - a +0 leather armour (worn)
 p - a +0 ring mail
Magical Staves
 m - a staff of earth
Scrolls
 e - a scroll of acquirement {unknown}
 f - a scroll of identify {unknown}
 h - a scroll of poison {unknown}
 i - a scroll of summoning {unknown}
 k - a scroll of butterflies {unknown}
 l - 3 scrolls of noise {unknown}
 n - a scroll of enchant weapon {unknown}
Potions
 d - 3 potions of attraction {unknown}
 g - a potion of berserk rage {unknown}
 j - a potion of heal wounds {unknown}


   Skills:
 + Level 1.6 Fighting
 - Level 2.1 Dodging
 - Level 1.5 Stealth
 + Level 3.7 Spellcasting


You couldn't memorise any spells.
You knew the following spells:

 Your Spells              Type           Power      Damage    Failure   Level
a - Necrotise             Necr           56%        1d6       5%          1
b - Vampiric Draining     Necr           14%        2d7       16%         3
c - Animate Dead          Necr           14%        N/A       47%         4
d - Agony                 Necr           14%        N/A       83%         5
e - Sting                 Tmut/Pois      56%        1d5       5%          1
Your spell library was empty.

Dungeon Overview and Level Annotations

Branches:
Dungeon (2/15)

Altars:

Shops:
D:1 ?

Annotations:
D:2 Natasha


Innate Abilities, Weirdness & Mutations

You are immune to sickness and miasma.
You are immune to poison.
Your flesh is very heat resistant. (rF++)
You are vulnerable to cold. (rC-)
You float through the air rather than walking.
You learn spells naturally, not from books.
Your magical power is your life essence.
You have superior vitality. (+4 MHP)


Message History

There is a stone staircase leading up here.
Found 13 gold pieces.
You see here a +3 vorpal hand axe.
o - a +3 vorpal hand axe Your +2 whip of flaming stops flaming.
o - a +3 vorpal hand axe (weapon)
You see here a +0 ring mail.
p - a +0 ring mail You now have 74 gold pieces (gained 13).
Natasha, Servant of Life and Death comes into view.
She is carrying a wand of flame (10).
An endoplasm comes into view.
Found a ring mail.
Found a stone staircase leading up.
Natasha hisses angrily.
Natasha casts a spell at you. The magic dart hits you!
Natasha mumbles some strange words.
You hit the white imp. Your punch misses the white imp.
The white imp is heavily wounded.
Natasha mumbles some strange words.
The white imp gestures at you. The puff of frost hits you!
You feel a terrible chill!
Natasha mumbles some strange words.
You feel disoriented.
You hit the white imp.
You kill the white imp!
The white imp disappears in a puff of smoke!
You closely miss Natasha.
Natasha drinks a potion.
Natasha suddenly seems more resistant.
Natasha casts a spell at you. The magic dart hits you. The shadow imp hits you.
* * * LOW HITPOINT WARNING * * *
You hit the shadow imp.
The shadow imp is severely wounded.
The shadow imp barely misses you.
You hit the shadow imp.
The shadow imp is almost dead.
The shadow imp gestures at you. Pain shoots through your body!
You die...

#####...........######.........
###.##.....................
#...##...........#.........
#...##.....................
#...........#######........
#.....##....#.....#..#.....
#.....###..#h.....#..# ....
##....#....#5###+##..# ...
#....#....#@# #..# ..
#....#...#..######.+##...J
#........#............<...
##.......#.......#........
......####.####........
.......# #..# #........ #..+
#[....... #..# #..###### ####
#..#


You could see Natasha (resistant) and a shadow imp (summoned).

Vanquished Creatures
  A gnoll (D:1)
  An endoplasm (D:1)
  A giant cockroach (D:1)
  2 goblins (D:1)
  A hobgoblin (D:1)
  4 jackals (D:1)
  2 kobolds (D:1)
  A quokka (D:1)
  2 bats (D:1)
  A frilled lizard (D:1)
  A rat (D:1)
17 creatures vanquished.

Notes
Turn   | Place    | Note
-------+----------+-------------------------------------------
     0 | D:1      | NogeeEf the Djinni Necromancer began the quest for the Orb.
     0 | D:1      | NogeeEf set off with the following spells memorised:
                  | Necrotise, Vampiric Draining, Animate Dead, Agony.
     0 | D:1      | Reached XP level 1. HP: 15/15 MP: 0/0
   144 | D:1      | Reached skill level 1 in Fighting
   144 | D:1      | Reached XP level 2. HP: 8/22 MP: 0/0
   538 | D:1      | Found Oxtestramm's Magic Scroll Shop.
   739 | D:1      | Reached XP level 3. HP: 27/27 MP: 0/0
   739 | D:1      | Learned a level 1 spell: Sting
  1091 | D:2      | Noticed Natasha
  1130 | D:2      | Killed from afar by a shadow imp

Illustrated notes

Levels and vault maps discovered:
D:1:      heliophobic_arrival_henge, layout_loops_corners, serial_shops,
          shop_scrolls, hangedman_abyss_or_decor_lesser_grid
D:2:      minmay_inner_zag, layout_basic, shapermc_ecumenical_altar_mp_vishouse,
          basic_altar, minmay_fountain_box, uniq_natasha

Skill      XL: |  1 |
---------------+----+-----
Fighting       | 1 |  1.6
Dodging        | |  2.1
Stealth        | |  1.5
Spellcasting   | |  3.7

Action                   || total
-------------------------++-------
Melee: Whip              ||    54
       Unarmed           ||     5
       Hand axe          ||     4
       Punch             ||     1
 Cast: Necrotise         ||     9
Armor: Leather armour    ||    20
Dodge: Dodged            ||    40

Table legend: (Time is in decaauts)
 A = Elapsed time spent in this place.
 B = Non-inter-level travel time spent in this place.
 C = Inter-level travel time spent in this place.
 D = Time resting spent in this place.
 E = Time spent auto-exploring this place.
 F = Levels seen in this place.
 G = Mean time per level.
                   A        B        C        D        E       F      G
               +--------+--------+--------+--------+--------+-----+--------+
         Total |   1135 |   1135 |      0 |    108 |    703 |   2 |  567.5 |
       Dungeon |   1135 |   1135 |      0 |    108 |    703 |   2 |  567.5 |
               +--------+--------+--------+--------+--------+-----+--------+

Top non-repeatable levels by time:
     D:1: 1058 daAuts
     D:2: 76 daAuts
